 Dungeon Crawl Stone Soup version 0.29.0 (webtiles) character file.

Game seed: 13166895645914291375

1318 mezmerelda the Cleaver (level 8, -1/72 (73) HPs)
             Began as a Minotaur Berserker on Sept 5, 2022.
             Was a Priest of Trog.
             Slain by a river rat (8 damage)
             ... on level 5 of the Dungeon.
             The game lasted 00:24:16 (5280 turns).

mezmerelda the Cleaver (Minotaur Berserker)         Turns: 5280, Time: 00:24:17

HP:   -1/72 (73)    AC:  9    Str: 23    XL:     8   Next: 33%
MP:   7/7           EV:  8    Int:  4    God:    Trog [***...]
Gold: 131           SH:  0    Dex: 11    Spells: 7/7 levels left

rFire   . . .      SeeInvis .   a - +0 hand axe
rCold   . . .      Faith    .   (no shield)
rNeg    . . .      Spirit   .   p - +0 chain mail
rPois   .          Reflect  .   (helmet restricted)
rElec   .          Harm     .   (no cloak)
rCorr   .          Rampage  .   (no gloves)
Will    +....                   (no boots)
Stlth   ..........              (no amulet)
HPRegen 0.22/turn               g - ring of willpower
MPRegen 0.10/turn               (no ring)

@: lightly drained, very slow
A: horns 2, retaliatory headbutt
a: Renounce Religion, Berserk, Trog's Hand


You were on level 5 of the Dungeon.
You worshipped Trog.
Trog was most pleased with you.
You visited 2 branches of the dungeon, and saw 6 of its levels.

You collected 131 gold pieces.

Inventory:

Hand Weapons
 a - a +0 hand axe (weapon)
 b - the +5 short sword of Cuyzxoon {freeze, Fly rF- Str+7 Int-4 SInv}
   (You found it on level 4 of the Dungeon)

   It freezes those it strikes, dealing additional cold damage.
   It can also slow down cold-blooded creatures.
   Str:       It affects your strength (+7).
   Int:       It affects your intelligence (-4).
   rF:        It makes you vulnerable to fire.
   SInv:      It lets you see invisible.
   Fly:       It grants you flight.
 F - a +0 war axe
Missiles
 d - 2 poisoned darts
 v - 4 javelins (quivered)
 y - 5 atropa-tipped darts
Armour
 p - a +0 chain mail (worn)
Jewellery
 g - a ring of willpower (left hand)
 r - a ring of fire
Wands
 c - a wand of polymorph (15)
 q - a wand of flame (10)
 B - a wand of light (6)
Scrolls
 e - 2 scrolls of immolation {unknown}
 f - a scroll of noise {unknown}
 h - 2 scrolls of enchant weapon {unknown}
 n - 3 scrolls of fear
 o - a scroll of blinking {unknown}
 s - 3 scrolls of identify {unknown}
 u - a scroll of enchant armour {unknown}
 x - 4 scrolls of poison {unknown}
 A - a scroll of magic mapping {unknown}
 C - a scroll of teleportation {unknown}
 D - a scroll of summoning {unknown}
Potions
 i - 3 potions of attraction {unknown}
 j - 3 potions of brilliance {unknown}
 k - 4 potions of resistance {unknown}
 l - 2 potions of curing {unknown}
 m - 3 potions of heal wounds {unknown}
 t - a potion of haste {unknown}
 w - a potion of mutation {unknown}
 z - a potion of cancellation {unknown}
 E - a potion of ambrosia {unknown}


   Skills:
 - Level 7.0 Fighting
 + Level 9.9 Axes
 - Level 5.0 Armour
 - Level 2.1 Dodging
 - Level 2.0 Evocations


You had 7 spell levels left.
You didn't know any spells.
Your spell library was empty.

Dungeon Overview and Level Annotations

Branches:
Dungeon (5/15)             Temple (1/1) D:4

Altars:
Ashenzari
Cheibriados
Dithmenos
Elyvilon
Fedhas
Gozag
Kikubaaqudgha
Makhleb
Nemelex Xobeh
Okawaru
Qazlal
Ru
Sif Muna
Trog
Uskayaw
Vehumet
Wu Jian
Xom
The Shining One

Shops:
D:2 (

Annotations:
D:3 exclusion: statue
D:5 Blork the orc


Innate Abilities, Weirdness & Mutations

You have a pair of horns on your head.
You reflexively headbutt those who attack you in melee.


Message History

You headbutt Blork the orc! Blork the orc attacks as you move away!
Blork the orc barely misses you.
Blork the orc grins evilly.
Blork the orc casts a spell at you. The puff of frost misses you.
Blork the orc hits you with a +0 flail. The river rat barely misses you.
Blork the orc splashes around in the water.
The river rat bites you.
Your unstable footing causes you to fumble your attack.
Blork the orc hits you with a +0 flail.
You slash the river rat! Your headbutt misses the river rat.
The river rat is heavily wounded.
You hit Blork the orc. The river rat misses you.
Blork the orc hits you with a +0 flail.
Your unstable footing causes you to fumble your attack.
Blork the orc completely misses you. You furiously retaliate!
You headbutt Blork the orc, but do no damage.
The river rat bites you but does no damage.
You slash the river rat!
You kill the river rat!
Trog accepts your kill.
You barely miss Blork the orc. Blork the orc hits you with a +0 flail.
* * * LOW HITPOINT WARNING * * *
Blork the orc splashes around in the water.
A river rat comes into view.
You hit the river rat.
The river rat is heavily wounded.
You barely miss Blork the orc. Blork the orc hits you with a +0 flail!
* * * LOW HITPOINT WARNING * * *
The river rat barely misses you.
Blork the orc splashes around in the water.
A river rat comes into view.
Blork the orc looks braver for a moment.
The river rat bites you but does no damage. x2
Blork the orc attacks as you move away! Blork the orc hits you with a +0 flail.
* * * LOW HITPOINT WARNING * * *
An adder comes into view.
The adder hisses angrily.
The adder bites you but does no damage. The river rat bites you!
You die...

#.............# #...##.###
#........###### #......#
.#.....###### ###.####
##.........# #.# #
#...~~###### ##.#
#.#..~~~# #..####.#
#.....#~#######~###.....#.
#....~~~#~S~~~~~~ #.####..
#.#..~#~#@##### #.####..
#.#.~~Yr#or~~r# #.##...#
#..~#~#~#~#~~~~ #.##.#.#
#..~#~#Y#~# ## #.##.#.#
.....#~nr# ~ #......#
###...##### ## ####.###
##### ####.### #......#
#.##.#.#


You could see Blork the orc (fast), an ice beast, a necrophage, an adder, 2
river rats and a rat.

Vanquished Creatures
  Pikel (D:5)
  A water moccasin (D:5)
  An ogre (D:5)
  A lemure (D:5)
  A bullfrog (D:4)
  A necrophage (D:4)
  2 scorpions
  2 hounds
  An orc priest (D:3)
  2 iguanas
  2 orc wizards
  4 gnolls (D:4)
  A river rat (D:5)
  8 adders
  A white imp (D:5)
  An ufetubus (D:5)
  2 worms
  A dart slug (D:1)
  17 orcs
  10 endoplasms
  5 giant cockroaches
  11 goblins
  3 hobgoblins
  10 jackals
  4 kobolds
  A quokka (D:1)
  12 ball pythons
  7 bats
  6 frilled lizards
  4 rats
123 creatures vanquished.

Notes
Turn   | Place    | Note
-------+----------+-------------------------------------------
     0 | D:1      | mezmerelda the Minotaur Berserker began the quest for the
                  | Orb.
     0 | D:1      | Reached XP level 1. HP: 19/19 MP: 0/0
    75 | D:1      | Reached skill level 4 in Axes
   152 | D:1      | Reached XP level 2. HP: 24/26 MP: 1/1
   494 | D:1      | Reached skill level 5 in Axes
   613 | D:1      | Reached XP level 3. HP: 31/31 MP: 2/2
   616 | D:1      | Reached ** piety under Trog
  1465 | D:2      | Reached XP level 4. HP: 39/39 MP: 3/3
  1498 | D:2      | Reached skill level 6 in Axes
  1965 | D:2      | Found Caity's Weapon Shoppe.
  2246 | D:3      | Noticed a scorpion
  2250 | D:3      | Killed a scorpion
  2251 | D:3      | Reached skill level 7 in Axes
  2251 | D:3      | Reached XP level 5. HP: 46/46 MP: 4/4
  2870 | D:3      | Found a radiant altar of Vehumet.
  2870 | D:3      | Noticed a charred statue
  3293 | D:4      | Reached skill level 5 in Fighting
  3467 | D:4      | Found a staircase to the Ecumenical Temple.
  3476 | Temple   | Entered the Ecumenical Temple
  3718 | D:4      | Identified the +5 short sword of Cuyzxoon {freeze, Fly rF-
                  | Str+7 Int-4 SInv}
  3826 | D:4      | Reached XP level 6. HP: 56/56 MP: 5/5
  4428 | D:5      | Entered Level 5 of the Dungeon
  4440 | D:5      | Noticed an ice beast
  4545 | D:5      | Reached XP level 7. HP: 61/63 MP: 6/6
  4609 | D:5      | Noticed Pikel
  4624 | D:5      | Killed Pikel
  4625 | D:5      | Reached skill level 5 in Armour
  4625 | D:5      | Reached skill level 8 in Axes
  4625 | D:5      | Reached XP level 8. HP: 73/73 MP: 7/7
  4689 | D:5      | Reached *** piety under Trog
  4709 | D:5      | Reached skill level 9 in Axes
  4738 | D:5      | Lost intelligence.
  5220 | D:5      | Identified the +2 quarterstaff "Ropt" {vamp, rPois rC++}
  5256 | D:5      | Noticed Blork the orc
  5280 | D:5      | Slain by a river rat

Illustrated notes

Levels and vault maps discovered:
D:1:      spicycebolla_arrival_risky_transporter, layout_basic
D:2:      layout_loops_ring, serial_shops, nicolae_shop_window_shopping,
          kennysheep_minor_cross
D:3:      layout_basic, vehumet_statue
D:4:      layout_gridville, minmay_temple_entry_glass, kennysheep_nondescript,
          abandoned_shop
D:5:      layout_loops_cross, lightli_sewer_entry_pipes,
          uniq_crazy_yiuf_cottage, uniq_blork_the_orc, uniq_pikel
Temple:   eino_narrow_crystal_temple

Skill      XL: |  1  2  3  4  5  6  7  8 |
---------------+-------------------------+-----
Axes           | 4 5 7 8 9 |  9.9
Fighting       | 5 6 7 |  7.0
Armour         | 3 4 5 |  5.0
Evocations     | 2 |  2.0
Dodging        | |  2.1

Action                   |  1- 3 |  4- 6 |  7- 9 || total
-------------------------+-------+-------+-------++-------
Melee: Hand axe          |    70 |   121 |    95 ||   286
       Headbutt          |     9 |    17 |    12 ||    38
       Short sword       |       |     8 |       ||     8
Throw: Javelin           |       |    17 |     1 ||    18
       Dart              |       |     6 |       ||     6
Invok: Berserk           |     1 |     2 |     2 ||     5
  Use: Scroll            |       |       |     1 ||     1
 Stab: Sleeping          |       |     1 |       ||     1
Armor: Animal skin       |     7 |     6 |       ||    13
       Chain mail        |       |    38 |    53 ||    91
Dodge: Dodged            |    51 |    39 |    42 ||   132
